| TOP OF THE 1ST |
|
San Diego (APP) Padres batting - Pitching for Kingsport Mets : LHP Ronnie Stoll
|
|
Pitching: LHP Ronnie Stoll
|
|
|
Batting: RHB Alex Collazo
|
0-0: Called Strike 0-1: Swinging Strike 0-2: Strikes out looking
|
|
Batting: RHB Adrian Cook
|
0-0: Ball 1-0: Ball 2-0: Ball 3-0: Called Strike 3-1: SINGLE (Line Drive, 6MD, EV 94.4 MPH)
|
|
Batting: RHB Phil McFadden
|
0-0: SINGLE (Line Drive, 8RS, EV 92.5 MPH) Adrian Cook to second Runner from 2nd tries for 3rd, SAFE, no throw by CF
|
|
Batting: RHB Norinaga Yamakawakamatsu
|
0-0: Ground out 5-3 (Groundball, 5L, EV 106.9 MPH) Adrian Cook scores Phil McFadden to second
|
|
Batting: RHB Ricardo Ortiz
|
0-0: Ball 1-0: Ball 2-0: Ball 3-0: Base on Balls
|
|
Batting: RHB Ed Oake
|
0-0: Ball 1-0: Ball 2-0: Ball 3-0: Foul Ball, location: 2F 3-1: Swinging Strike 3-2: Base on Balls Phil McFadden to third Ricardo Ortiz to second
|
|
Batting: RHB Antonio Martinez
|
0-0: Called Strike 0-1: Foul Ball, location: 2F 0-2: Ball 1-2: Ball 2-2: Ball 3-2: Foul Ball, location: 2F 3-2: Strikes out looking
|
| Top of the 1st over - 1 run, 2 hits, 0 errors, 3 left on base; San Diego (APP) 1 - Kingsport 0 |
| BOTTOM OF THE 1ST |
|
Kingsport Mets batting - Pitching for San Diego (APP) Padres : RHP Sam Barbuto
|
|
Pitching: RHP Sam Barbuto
|
|
|
Batting: RHB Eric Zylstra
|
0-0: Called Strike 0-1: Foul Ball, location: 2F 0-2: Ball 1-2: Foul Ball, location: 2F 1-2: Ball 2-2: Fly out, F8 (Flyball, 8RD, EV 103.8 MPH)
|
|
Batting: SHB Josh Thomson
|
0-0: Ball 1-0: Fly out, F9 (Flyball, 9, EV 92.5 MPH)
|
|
Batting: RHB Juan Medina
|
0-0: Swinging Strike 0-1: Ball 1-1: SINGLE (Groundball, 56D, EV 99.4 MPH)
|
|
Batting: RHB Dan Muse
|
0-0: Called Strike 0-1: Swinging Strike 0-2: SINGLE (Line Drive, 89M, EV 106.9 MPH) Juan Medina to second
|
|
Batting: RHB Chris Artz
|
0-0: Foul Ball, location: 2F 0-1: Ball 1-1: Ball Wild Pitch! Juan Medina to third Dan Muse to second 2-1: Ball 3-1: Fly out, F7 (Flyball, 7, EV 84.4 MPH)
|
| Bottom of the 1st over - 0 runs, 2 hits, 0 errors, 2 left on base; San Diego (APP) 1 - Kingsport 0 |
| TOP OF THE 2ND |
|
San Diego (APP) Padres batting - Pitching for Kingsport Mets : LHP Ronnie Stoll
|
|
Batting: RHB Brian DeVoe
|
0-0: Ball 1-0: Called Strike 1-1: Ball 2-1: Foul Ball, location: 2F 2-2: Ball 3-2: Strikes out swinging
|
|
Batting: LHB Gary Corrales
|
0-0: Ball 1-0: Foul Ball, location: 2F 1-1: Foul Ball, location: 2F 1-2: Strikes out swinging
|
|
Batting: RHB Alex Collazo
|
0-0: Called Strike 0-1: Ball 1-1: Ball 2-1: SOLO HOME RUN (Flyball, 7D, EV 97.5 MPH), Distance : 366 ft
|
|
Batting: RHB Adrian Cook
|
0-0: Called Strike 0-1: Ball 1-1: Called Strike 1-2: Strikes out swinging
|
| Top of the 2nd over - 1 run, 1 hit, 0 errors, 0 left on base; San Diego (APP) 2 - Kingsport 0 |
| BOTTOM OF THE 2ND |
|
Kingsport Mets batting - Pitching for San Diego (APP) Padres : RHP Sam Barbuto
|
|
Batting: RHB Warren Carmichael
|
0-0: Called Strike 0-1: Ball 1-1: Ball 2-1: Foul Ball, location: 2F 2-2: Ground out 5-3 (Groundball, 56, EV 84.4 MPH)
|
|
Batting: LHB Randolph Brodbeck
|
0-0: Ball 1-0: SINGLE (Flyball, 56D, EV 85.6 MPH)
|
|
Batting: RHB Craig Alvarado
|
0-0: Called Strike 0-1: Ball 1-1: Ball 2-1: Swinging Strike 2-2: Ball 3-2: Base on Balls Randolph Brodbeck to second
|
|
Batting: RHB Artyom Shavkunov
|
0-0: Ball 1-0: Called Strike 1-1: Ball 2-1: Called Strike 2-2: Foul Ball, location: 2F 2-2: Ball 3-2: Foul Ball, location: 2F 3-2: Foul Ball, location: 2F 3-2: Base on Balls Randolph Brodbeck to third Craig Alvarado to second
|
|
Batting: RHB Eric Zylstra
|
0-0: Called Strike 0-1: Ball 1-1: Foul Ball, location: 2F 1-2: Foul Ball, location: 2F 1-2: Ball 2-2: Fly out, F8 (Flyball, 8LXD, EV 88.8 MPH) Runner from 3rd tags up, SCORES, no throw by CF
|
|
Batting: SHB Josh Thomson
|
0-0: Called Strike 0-1: Called Strike 0-2: Foul Ball, location: 2F 0-2: SINGLE (Groundball, 34D, EV 95.0 MPH) Craig Alvarado to third Artyom Shavkunov to second Runner from 3rd tries for Home, throw by RF and OUT! 9-2
|
| Bottom of the 2nd over - 1 run, 2 hits, 0 errors, 2 left on base; San Diego (APP) 2 - Kingsport 1 |
| TOP OF THE 3RD |
|
San Diego (APP) Padres batting - Pitching for Kingsport Mets : LHP Ronnie Stoll
|
|
Batting: RHB Phil McFadden
|
0-0: Ball 1-0: Called Strike 1-1: Ball 2-1: Called Strike 2-2: Ball 3-2: Base on Balls
|
|
Batting: RHB Norinaga Yamakawakamatsu
|
0-0: Ball 1-0: Fly out, F8 (Flyball, 8LM, EV 75.0 MPH)
|
|
Batting: RHB Ricardo Ortiz
|
0-0: Swinging Strike Passed Ball! Phil McFadden to second 0-1: Foul Ball, location: 2F 0-2: Foul Ball, location: 2F 0-2: Ball 1-2: Ball 2-2: DOUBLE (Line Drive, 78D, EV 100.0 MPH) Phil McFadden scores
|
|
Batting: RHB Ed Oake
|
0-0: Called Strike 0-1: Ball 1-1: Called Strike 1-2: Ball 2-2: Reached on error, E6 (Groundball, 6, EV 103.8 MPH) Ricardo Ortiz to third
|
|
Batting: RHB Antonio Martinez
|
0-0: Ball 1-0: Called Strike 1-1: Called Strike 1-2: Foul Ball, location: 2F 1-2: Strikes out swinging
|
|
Batting: RHB Brian DeVoe
|
0-0: Swinging Strike 0-1: Ball 1-1: Ball 2-1: Foul Ball, location: 2F 2-2: Ground out 4-3 (Groundball, 4, EV 90.6 MPH)
|
| Top of the 3rd over - 1 run, 1 hit, 1 error, 2 left on base; San Diego (APP) 3 - Kingsport 1 |
| BOTTOM OF THE 3RD |
|
Kingsport Mets batting - Pitching for San Diego (APP) Padres : RHP Sam Barbuto
|
|
Batting: RHB Juan Medina
|
0-0: Swinging Strike 0-1: Ball 1-1: Swinging Strike 1-2: Foul Ball, location: 2F 1-2: Ball 2-2: Strikes out swinging
|
|
Batting: RHB Dan Muse
|
0-0: Fly out, F7 (Flyball, 7, EV 85.0 MPH)
|
|
Batting: RHB Chris Artz
|
0-0: Ball 1-0: Ball 2-0: Called Strike 2-1: Ball 3-1: Base on Balls
|
|
Batting: RHB Warren Carmichael
|
0-0: Called Strike 0-1: Foul Ball, location: 2F 0-2: Ball 1-2: Foul Ball, location: 2F 1-2: Strikes out swinging
|
| Bottom of the 3rd over - 0 runs, 0 hits, 0 errors, 1 left on base; San Diego (APP) 3 - Kingsport 1 |
| TOP OF THE 4TH |
|
San Diego (APP) Padres batting - Pitching for Kingsport Mets : LHP Ronnie Stoll
|
|
Batting: LHB Gary Corrales
|
0-0: Ball 1-0: DOUBLE (Groundball, 3L, EV 95.0 MPH)
|
|
Batting: RHB Alex Collazo
|
0-0: SINGLE (Flyball, 8RS, EV 91.9 MPH) Gary Corrales to third
|
|
Batting: RHB Adrian Cook
|
0-0: Fly out, F8 (Flyball, 8RD, EV 86.2 MPH) Runner from 3rd tags up, SCORES, throw by CF
|
|
Batting: RHB Phil McFadden
|
0-0: Called Strike Alex Collazo is caught stealing 2nd base 2-4 0-1: Ball 1-1: Called Strike 1-2: Strikes out swinging
|
| Top of the 4th over - 1 run, 2 hits, 0 errors, 0 left on base; San Diego (APP) 4 - Kingsport 1 |
| BOTTOM OF THE 4TH |
|
Kingsport Mets batting - Pitching for San Diego (APP) Padres : RHP Sam Barbuto
|
|
Batting: LHB Randolph Brodbeck
|
0-0: Called Strike 0-1: SINGLE (Flyball, 4MD, EV 98.8 MPH)
|
|
Batting: RHB Craig Alvarado
|
0-0: Called Strike Randolph Brodbeck steals 2nd, throwing error, E2 Randolph Brodbeck to third 0-1: Ball 1-1: Ground out 4-3 (Groundball, 4D, EV 100.0 MPH) Randolph Brodbeck scores
|
|
Batting: RHB Artyom Shavkunov
|
0-0: Ground out 6-3 (Groundball, 56, EV 82.5 MPH)
|
|
Batting: RHB Eric Zylstra
|
0-0: Ball 1-0: Ball 2-0: Ball 3-0: Base on Balls
|
|
Batting: SHB Josh Thomson
|
0-0: Called Strike 0-1: Foul Ball, location: 2F 0-2: Ball 1-2: Foul Ball, location: 2F 1-2: Ball 2-2: Strikes out swinging
|
| Bottom of the 4th over - 1 run, 1 hit, 1 error, 1 left on base; San Diego (APP) 4 - Kingsport 2 |
| TOP OF THE 5TH |
|
San Diego (APP) Padres batting - Pitching for Kingsport Mets : LHP Ronnie Stoll
|
|
Batting: RHB Norinaga Yamakawakamatsu
|
0-0: Ball 1-0: Ball 2-0: Ball 3-0: Called Strike 3-1: Foul Ball, location: 2F 3-2: Strikes out swinging
|
|
Batting: RHB Ricardo Ortiz
|
0-0: Called Strike 0-1: Ball 1-1: Ball 2-1: Ground out 3-1 (Groundball, 34S, EV 87.5 MPH)
|
|
Batting: RHB Ed Oake
|
0-0: Ball 1-0: Called Strike 1-1: Swinging Strike 1-2: Strikes out swinging
|
| Top of the 5th over - 0 runs, 0 hits, 0 errors, 0 left on base; San Diego (APP) 4 - Kingsport 2 |
| BOTTOM OF THE 5TH |
|
Kingsport Mets batting - Pitching for San Diego (APP) Padres : RHP Sam Barbuto
|
|
Batting: RHB Juan Medina
|
0-0: Ball 1-0: Called Strike 1-1: Ball 2-1: DOUBLE (Groundball, 5L, EV 103.8 MPH)
|
|
Pitching: RHP Danny Araiza
|
|
|
Batting: RHB Dan Muse
|
0-0: Ball 1-0: Ground out 6-3 (Groundball, 6, EV 84.4 MPH)
|
|
Batting: RHB Chris Artz
|
0-0: Ball 1-0: Called Strike 1-1: 2-RUN HOME RUN (Flyball, 7D, EV 103.8 MPH), Distance : 391 ft
|
|
Batting: RHB Warren Carmichael
|
0-0: Ball 1-0: Ball 2-0: Ball 3-0: Called Strike 3-1: Foul Ball, location: 2F 3-2: SOLO HOME RUN (Flyball, 7D, EV 101.2 MPH), Distance : 376 ft
|
|
Batting: LHB Randolph Brodbeck
|
0-0: Ball 1-0: Ball 2-0: Foul Ball, location: 2F 2-1: Called Strike 2-2: Foul Ball, location: 2F 2-2: Fly out, F8 (Line Drive, 8LD, EV 96.2 MPH)
|
|
Batting: RHB Craig Alvarado
|
0-0: Ball 1-0: DOUBLE (Groundball, 3L, EV 102.5 MPH)
|
|
Batting: RHB Artyom Shavkunov
|
0-0: Called Strike 0-1: Swinging Strike 0-2: Foul Ball, location: 2F 0-2: Foul Ball, location: 2F 0-2: Strikes out swinging
|
| Bottom of the 5th over - 3 runs, 4 hits, 0 errors, 1 left on base; San Diego (APP) 4 - Kingsport 5 |
| TOP OF THE 6TH |
|
San Diego (APP) Padres batting - Pitching for Kingsport Mets : LHP Ronnie Stoll
|
|
Batting: RHB Antonio Martinez
|
0-0: Called Strike 0-1: Ball 1-1: SINGLE (Groundball, 56D, EV 105.6 MPH)
|
|
Batting: RHB Brian DeVoe
|
0-0: Ball 1-0: Called Strike 1-1: Fielders Choice at 2nd, 4-6 (Groundball, 4, EV 86.2 MPH)
|
|
Batting: RHB Max Stillo
|
0-0: Ball 1-0: Called Strike 1-1: Swinging Strike 1-2: Strikes out looking
|
|
Pitching: RHP Chris Hannah
|
|
|
Batting: RHB Alex Collazo
|
0-0: Ground out 6-3 (Groundball, 6S, EV 87.5 MPH)
|
| Top of the 6th over - 0 runs, 1 hit, 0 errors, 1 left on base; San Diego (APP) 4 - Kingsport 5 |
| BOTTOM OF THE 6TH |
|
Kingsport Mets batting - Pitching for San Diego (APP) Padres : RHP Danny Araiza
|
|
Batting: RHB Eric Zylstra
|
0-0: Called Strike 0-1: Foul Ball, location: 2F 0-2: Ball 1-2: Strikes out swinging
|
|
Batting: SHB Josh Thomson
|
0-0: Swinging Strike 0-1: Ball 1-1: Ground out 4-3 (Groundball, 4, EV 111.2 MPH)
|
|
Batting: RHB Juan Medina
|
0-0: Ball 1-0: Foul Ball, location: 2F 1-1: Ball 2-1: Swinging Strike 2-2: Ball 3-2: Foul Ball, location: 2F 3-2: Strikes out swinging
|
| Bottom of the 6th over - 0 runs, 0 hits, 0 errors, 0 left on base; San Diego (APP) 4 - Kingsport 5 |
| TOP OF THE 7TH |
|
San Diego (APP) Padres batting - Pitching for Kingsport Mets : RHP Chris Hannah
|
|
Batting: RHB Adrian Cook
|
0-0: Ball 1-0: Ball 2-0: Ball 3-0: Called Strike 3-1: Base on Balls
|
|
Batting: RHB Phil McFadden
|
0-0: Ball 1-0: Ball Wild Pitch! Adrian Cook to second 2-0: Ball 3-0: Called Strike 3-1: Called Strike 3-2: Base on Balls
|
|
Batting: RHB Norinaga Yamakawakamatsu
|
0-0: Foul Ball, location: 2F 0-1: Foul Ball, location: 2F 0-2: DOUBLE (Flyball, 8RXD, EV 102.5 MPH) Adrian Cook scores Phil McFadden to third
|
|
Batting: RHB Ricardo Ortiz
|
0-0: Ball 1-0: Fly out, F8 (Line Drive, 8LM, EV 100.6 MPH)
|
|
Batting: RHB Ed Oake
|
0-0: Ball 1-0: Called Strike 1-1: Swinging Strike 1-2: Ball 2-2: Ball 3-2: Base on Balls
|
|
Batting: RHB Antonio Martinez
|
0-0: SINGLE (Groundball, 34, EV 97.5 MPH) Phil McFadden scores Norinaga Yamakawakamatsu to third Ed Oake to second
|
|
Batting: RHB Brian DeVoe
|
0-0: Called Strike 0-1: DOUBLE (Line Drive, 7LD, EV 107.5 MPH) Norinaga Yamakawakamatsu scores Ed Oake scores Antonio Martinez to third
|
|
Pitching: RHP Antonio Reyes
|
|
|
Batting: RHB Brian Klinkner
|
0-0: Called Strike 0-1: Ball 1-1: Ball 2-1: Ball 3-1: Called Strike 3-2: Ground out 6-3 (Groundball, 6, EV 92.5 MPH)
|
|
Batting: RHB Alex Collazo
|
0-0: Ball 1-0: Ground out 5-3 (Groundball, 56, EV 86.9 MPH)
|
| Top of the 7th over - 4 runs, 3 hits, 0 errors, 2 left on base; San Diego (APP) 8 - Kingsport 5 |
| BOTTOM OF THE 7TH |
|
Kingsport Mets batting - Pitching for San Diego (APP) Padres : RHP Danny Araiza
|
|
Batting: RHB Dan Muse
|
0-0: Foul Ball, location: 2F 0-1: Foul Ball, location: 2F 0-2: Ball 1-2: Ball 2-2: Ball 3-2: Foul Ball, location: 2F 3-2: Base on Balls
|
|
Pitching: RHP Danny Valdovinos
|
|
|
Batting: RHB Chris Artz
|
0-0: Ball Dan Muse steals 2nd base 1-0: Ground out 5-3 (Groundball, 5, EV 90.6 MPH)
|
|
Batting: RHB Warren Carmichael
|
0-0: Called Strike 0-1: Ball 1-1: Ball 2-1: DOUBLE (Line Drive, 78M, EV 97.5 MPH) Dan Muse scores
|
|
Batting: LHB Randolph Brodbeck
|
0-0: Ball 1-0: Ground out 6-3 (Groundball, 6, EV 101.9 MPH)
|
|
Batting: RHB Craig Alvarado
|
0-0: Called Strike 0-1: Called Strike 0-2: Ball 1-2: Strikes out looking
|
| Bottom of the 7th over - 1 run, 1 hit, 0 errors, 1 left on base; San Diego (APP) 8 - Kingsport 6 |
| TOP OF THE 8TH |
|
San Diego (APP) Padres batting - Pitching for Kingsport Mets : RHP Antonio Reyes
|
|
Batting: RHB Adrian Cook
|
0-0: Ball 1-0: Ball 2-0: Ball 3-0: Base on Balls
|
|
Batting: RHB Phil McFadden
|
0-0: Ball 1-0: Called Strike 1-1: Ball 2-1: Called Strike 2-2: Foul Ball, location: 2F 2-2: Ball 3-2: Ground out 6-3 (Groundball, 56, EV 85.0 MPH) Adrian Cook to second
|
|
Batting: RHB Norinaga Yamakawakamatsu
|
0-0: Ball 1-0: Called Strike 1-1: Ball 2-1: Reached on error, E6 (Groundball, 6, EV 94.4 MPH) Adrian Cook to third
|
|
Batting: RHB Ricardo Ortiz
|
0-0: Called Strike 0-1: Ball 1-1: Ball Norinaga Yamakawakamatsu is caught stealing 2nd base 2-4 2-1: Ground out 4-3 (Groundball, 4M, EV 104.4 MPH)
|
| Top of the 8th over - 0 runs, 0 hits, 1 error, 1 left on base; San Diego (APP) 8 - Kingsport 6 |
| BOTTOM OF THE 8TH |
|
Kingsport Mets batting - Pitching for San Diego (APP) Padres : RHP Danny Valdovinos
|
|
Batting: RHB Artyom Shavkunov
|
0-0: DOUBLE (Flyball, 8LD, EV 94.4 MPH)
|
|
Batting: RHB Eric Zylstra
|
0-0: Ball 1-0: Foul Ball, location: 2F 1-1: Fly out, F9 (Flyball, 9LM, EV 93.8 MPH)
|
|
Batting: SHB Josh Thomson
|
0-0: Ball Wild Pitch! Artyom Shavkunov to third 1-0: Called Strike 1-1: Ball 2-1: Ball 3-1: SINGLE (Line Drive, 7LS, EV 96.9 MPH) Artyom Shavkunov scores
|
|
Batting: RHB Juan Medina
|
0-0: Called Strike 0-1: Ball 1-1: Foul Ball, location: 2F 1-2: Ball 2-2: Grounds into double play, 1-6-3 (Groundball, 34S, EV 70.6 MPH)
|
| Bottom of the 8th over - 1 run, 2 hits, 0 errors, 0 left on base; San Diego (APP) 8 - Kingsport 7 |
| TOP OF THE 9TH |
|
San Diego (APP) Padres batting - Pitching for Kingsport Mets : RHP Antonio Reyes
|
|
Pitching: RHP Frank Emery
|
|
|
Batting: RHB Ed Oake
|
0-0: Ball 1-0: Called Strike 1-1: Ball 2-1: Ball 3-1: Base on Balls
|
|
Batting: RHB Antonio Martinez
|
0-0: Ball 1-0: Bunted foul 1-1: Bunt missed! 1-2: Strikes out looking
|
|
Batting: RHB Brian DeVoe
|
0-0: Ball 1-0: Fielders Choice at 2nd, 4-6 (Groundball, 4, EV 80.0 MPH)
|
|
Batting: RHB Brian Klinkner
|
0-0: Ball 1-0: Ball 2-0: Ball 3-0: Base on Balls Brian DeVoe to second
|
|
Batting: RHB Alex Collazo
|
0-0: Ball 1-0: Foul Ball, location: 2F 1-1: Swinging Strike 1-2: Ball 2-2: Fly out, F9 (Flyball, 9, EV 85.0 MPH)
|
| Top of the 9th over - 0 runs, 0 hits, 0 errors, 2 left on base; San Diego (APP) 8 - Kingsport 7 |
| BOTTOM OF THE 9TH |
|
Kingsport Mets batting - Pitching for San Diego (APP) Padres : RHP Danny Valdovinos
|
|
Pitching: RHP Bobby Franco
|
|
|
Batting: RHB Dan Muse
|
0-0: Ball 1-0: Ball 2-0: Ball 3-0: Called Strike 3-1: SOLO HOME RUN (Flyball, 7D, EV 99.4 MPH), Distance : 383 ft
|
|
Batting: RHB Chris Artz
|
0-0: Ball 1-0: Ball 2-0: Foul Ball, location: 2F 2-1: Fly out, F3 (Popup, 34S, EV 75.0 MPH)
|
|
Batting: RHB Warren Carmichael
|
0-0: Ground out 5-3 (Groundball, 5S, EV 85.6 MPH)
|
|
Batting: LHB Randolph Brodbeck
|
0-0: Ball 1-0: Fly out, F8 (Flyball, 8RD, EV 96.9 MPH)
|
| Bottom of the 9th over - 1 run, 1 hit, 0 errors, 0 left on base; San Diego (APP) 8 - Kingsport 8 |
| TOP OF THE 10TH |
|
San Diego (APP) Padres batting - Pitching for Kingsport Mets : RHP Frank Emery
|
|
Pitching: RHP Emanuel Anochondo
|
|
|
Batting: RHB Adrian Cook
|
0-0: Called Strike 0-1: Foul Ball, location: 2F 0-2: Ball 1-2: Ball 2-2: Foul Ball, location: 2F 2-2: Foul Ball, location: 2F 2-2: Ball 3-2: SINGLE (Groundball, 6MD, EV 103.8 MPH)
|
|
Batting: RHB Phil McFadden
|
0-0: SINGLE (Groundball, 6MD, EV 110.6 MPH) Adrian Cook to second
|
|
Batting: RHB Norinaga Yamakawakamatsu
|
0-0: Ball 1-0: Foul Ball, location: 2F 1-1: Called Strike 1-2: Ball 2-2: Ball 3-2: Base on Balls Adrian Cook to third Phil McFadden to second
|
|
Batting: RHB Ricardo Ortiz
|
0-0: Ball 1-0: Fly out, F4 (Popup, 34D, EV 46.9 MPH)
|
|
Batting: RHB Ed Oake
|
0-0: SINGLE (Groundball, 34, EV 98.1 MPH) Adrian Cook scores Phil McFadden to third Norinaga Yamakawakamatsu to second Runner from 3rd tries for Home, SAFE, throw by RF to home
|
|
Batting: RHB Antonio Martinez
|
0-0: Called Strike 0-1: Ball 1-1: Foul Ball, location: 2F 1-2: Ball 2-2: Strikes out swinging
|
|
Batting: RHB Brian DeVoe
|
0-0: Called Strike 0-1: Ball 1-1: Fly out, F7 (Flyball, 78M, EV 81.2 MPH)
|
| Top of the 10th over - 2 runs, 3 hits, 0 errors, 2 left on base; San Diego (APP) 10 - Kingsport 8 |
| BOTTOM OF THE 10TH |
|
Kingsport Mets batting - Pitching for San Diego (APP) Padres : RHP Bobby Franco
|
|
Batting: RHB Craig Alvarado
|
0-0: Ball 1-0: SINGLE (Groundball, 13S, EV 61.9 MPH) (infield hit)
|
|
Batting: RHB Artyom Shavkunov
|
0-0: Ball 1-0: Ball 2-0: Called Strike 2-1: Ball 3-1: Base on Balls Craig Alvarado to second
|
|
Batting: RHB Eric Zylstra
|
0-0: Bunted foul 0-1: Sac Bunt to 13 - play at first, batter OUT! 1-4 Craig Alvarado to third Artyom Shavkunov to second
|
|
Batting: SHB Josh Thomson
|
0-0: Called Strike 0-1: Ball 1-1: Ball 2-1: Ball 3-1: Foul Ball, location: 2F 3-2: SINGLE (Groundball, 4M, EV 104.4 MPH) (infield hit) Craig Alvarado scores Artyom Shavkunov to third
|
|
Batting: RHB Juan Medina
|
0-0: Ball 1-0: Foul Ball, location: 2F 1-1: Swinging Strike 1-2: Ball 2-2: DOUBLE (Line Drive, 3D, EV 100.0 MPH) Artyom Shavkunov scores Josh Thomson to third Runner from 3rd tries for Home, SAFE, throw by RF to trailing runner, SAFE at third!
|
| Bottom of the 10th over - 3 runs, 3 hits, 0 errors, 1 left on base; San Diego (APP) 10 - Kingsport 11 |
|